 Dungeon Crawl Stone Soup version 0.19-a0-49-gb8736b8 (webtiles) character file.

63 Jonny2123 the Caller (level 4, -6/21 HPs)
             Began as a Vine Stalker Summoner on May 6, 2016.
             Mangled by an ice beast (11 damage)
             ... on level 3 of the Dungeon.
             The game lasted 00:14:17 (1273 turns).

Jonny2123 the Caller (Vine Stalker Summoner)        Turns: 1273, Time: 00:14:18

Health: -6/21      AC:  3    Str: 11    XL:     4   Next: 9%
Magic:  0/9        EV: 11    Int: 16    God:
Gold:   86         SH:  0    Dex: 14    Spells: 3 memorised, 2 levels left

rFire  . . .     SeeInvis .     u - +1 dagger (freeze)
rCold  . . .     Gourm    .     a - +0 robe
rNeg   . . .     Faith    .     (no shield)
rPois  +         Spirit   +     (no helmet)
rElec  .         Dismiss  .     (no cloak)
rCorr  .         Reflect  .     g - +0 pair of gloves
SustAt .         Harm     .     (no boots)
MR     .....                    (no amulet)
Stlth  ++........               q - ring of poison resistance
                                n - +4 ring of evasion

@: not resistant to hostile enchantments, unstealthy
A: fangs 2, regeneration 1, magic shield, antimagic bite, no device heal 3, rot
immunity
a: no special abilities


You were on level 3 of the Dungeon.
You were not hungry.

You visited 1 branch of the dungeon, and saw 3 of its levels.

You collected 86 gold pieces.

Inventory:

Hand Weapons
 f - a +0 short sword
 h - a +1 dagger of venom
 o - a +0 dagger
 u - a +1 dagger of freezing (weapon)
Missiles
 p - 6 poisoned tomahawks (quivered)
Armour
 a - a +0 robe (worn)
 g - a +0 pair of gloves (worn)
Jewellery
 n - a +4 ring of evasion (left hand)
 q - a ring of poison resistance (right hand)
Scrolls
 s - a scroll of amnesia
Potions
 d - 2 potions of haste
 e - a potion of berserk rage
 i - a potion of agility {unknown}
Books
 b - a book of Callings

   Spells                             Type                      Level
   a - Summon Small Mammal            Summoning                    1
   b - Call Imp                       Summoning                    2
   c - Call Canine Familiar           Summoning                    3
   d - Summon Guardian Golem          Hexes/Summoning              3
   e - Summon Lightning Spire         Summoning/Air                4
   f - Summon Ice Beast               Ice/Summoning                4
Comestibles
 c - a bread ration
 k - a slice of pizza


   Skills:
 + Level 0.5 Fighting
 + Level 2.0 Dodging
 + Level 2.6 Stealth
 + Level 2.7 Spellcasting
 + Level 0.4 Hexes
 + Level 4.6 Summonings


You had 2 spell levels left.
You knew the following spells:

 Your Spells              Type           Power        Failure   Level  Hunger
a - Call Imp              Summ           ###.....     6%          2    ##.....
b - Summon Small Mammal   Summ           ###.         3%          1    #......
c - Summon Guardian Gole  Hex/Summ       ##......     21%         3    ###....


Dungeon Overview and Level Annotations

Branches:
Dungeon (3/15)

Altars:
Ru


Innate Abilities, Weirdness & Mutations

You have extremely sharp teeth.
Your natural rate of healing is unusually fast.
When hurt, damage is shared between your health and your magic reserves.
Your bite disrupts and absorbs the magic of your enemies.
Potions and wands cannot restore your health.
You are immune to rotting.


Message History

Your white imp disappears in a puff of smoke!
Your magical contamination has completely faded away.
Casting: Summon Guardian Golem
Confirm with . or Enter, or press ? or * to list all spells.
A guardian golem appears, shielding your allies.
You see here a bat corpse.
The ice beast barely misses you.
You hit the ice beast.
You bite the ice beast, but do no damage.
The ice beast is moderately wounded.
The ice beast closely misses you.
The ice beast hits you but does no damage.
You swap places.
The ice beast hits you. The ice beast freezes you!
* * * LOW HITPOINT WARNING * * *
There is a stone staircase leading down here.
The ice beast hits you.
* * * LOW HITPOINT WARNING * * *
The ice beast freezes you!
Ouch! That really hurt!
You die...

,,,,*,,,*,**#..#.#
*,,,,,,,*,* ##.#.#####
*,*,,,,,,,* #...(...####
*,********* ##.........#
,,*,,,,* #.........#
***,**,*#######.........#
,**,**,*#.......8.......#
,**+**+*#.......Y.......#
,,,,,,,,#.....†.@########
**,,,,,,#.......##
,,,,,,,,#........#
**,,,,,,#..).....#
,,,,,,,,+........#
****##**#........# **##.*
#.......## *#,,..*
##...(.## ,*.##.#*
#.###.#


You could see an ice beast and a friendly guardian golem.

Vanquished Creatures
  A gnoll (D:2)
  An ooze (D:1)
  A dart slug (D:3)
  3 goblins (D:1)
  6 hobgoblins
  3 jackals (D:1)
  7 kobolds
  A bat (D:3)
  A giant newt (D:2)
  3 rats
27 creatures vanquished.

Vanquished Creatures (collateral kills)
  2 gnolls (D:2)
  2 giant geckos
  A bat (D:3)
  2 goblins
  A hobgoblin (D:1)
  4 kobolds
  A rat (D:2)
13 creatures vanquished.

Grand Total: 40 creatures vanquished

Notes
Turn   | Place    | Note
--------------------------------------------------------------
     0 | D:1      | Jonny2123 the Vine Stalker Summoner began the quest for the Orb.
     0 | D:1      | Reached XP level 1. HP: 9/9 MP: 4/4
   272 | D:1      | Reached XP level 2. HP: 10/13 MP: 4/6
   307 | D:1      | Learned a level 2 spell: Call Imp
   309 | D:1      | Learned a level 1 spell: Summon Small Mammal
   436 | D:1      | Reached XP level 3. HP: 12/17 MP: 7/7
   600 | D:1      | Learned a level 3 spell: Summon Guardian Golem
   916 | D:2      | Found a sacrificial altar of Ru.
  1120 | D:3      | Reached XP level 4. HP: 16/21 MP: 9/9
  1226 | D:3      | Noticed an ice beast
  1273 | D:3      | Mangled by an ice beast

Vault maps used:
D:1:      lightli_arrival_maybe_door_vault
D:2:      lemuel_doored_altar
D:3:      grunt_temple_overflow_holy_war

Skill      XL: |  1  2  3 |
---------------+----------+-----
Dodging        | 2 |  2.0
Fighting       | |  0.5
Stealth        | |  2.6
Spellcasting   | |  2.7
Hexes          | |  0.4
Summonings     | |  4.6

Action                   |  1- 3 |  4- 6 || total
-------------------------+-------+-------++-------
Melee: Short sword       |    31 |       ||    31
       Unarmed           |     2 |       ||     2
       Bite              |     9 |     3 ||    12
       Dagger            |    27 |     7 ||    34
 Cast: Summon Small Mamm |    12 |       ||    12
       Call Imp          |    10 |     4 ||    14
       Summon Guardian G |     7 |     2 ||     9
  Use: Potion            |     1 |       ||     1
       Scroll            |     2 |     4 ||     6
 Stab: Distracted        |     1 |       ||     1
  Eat: Bread ration      |     1 |       ||     1
Armor: Robe              |    14 |     5 ||    19
Dodge: Dodged            |    56 |    19 ||    75
